 Dungeon Crawl Stone Soup version 0.19.0-2-gae57169 (webtiles) character file.

1405 cedor the Cleaver (level 8, -4/64 HPs)
             Began as a Minotaur Berserker on Nov 5, 2016.
             Was a Priest of Trog.
             Killed from afar by an electric eel (6 damage)
             ... with a bolt of electricity
             ... on level 6 of the Dungeon.
             The game lasted 00:14:48 (3640 turns).

cedor the Cleaver (Minotaur Berserker)              Turns: 3640, Time: 00:14:50

Health: -4/64      AC: 12    Str: 23    XL:     8   Next: 42%
Magic:  7/7        EV:  8    Int:  5    God:    Trog [***...]
Gold:   79         SH:  0    Dex: 10    Spells: 0 memorised, 7 levels left

rFire  . . .     SeeInvis .     s - +4 dire flail (crush)
rCold  . . .     Gourm    .     x - +0 plate armour
rNeg   . . .     Faith    .     (shield currently unavailable)
rPois  .         Spirit   .     (helmet restricted)
rElec  .         Reflect  .     (no cloak)
rCorr  .         Harm     .     (no gloves)
MR     .....                    (no boots)
Stlth  ..........               l - amulet of inaccuracy (curse)
                                (no ring)
                                (no ring)

@: no status effects
A: retaliatory headbutt, horns 2
a: Berserk, Trog's Hand, Burn Spellbooks, Renounce Religion


You were on level 6 of the Dungeon.
You worshipped Trog.
Trog was most pleased with you.
You were not hungry.

You visited 1 branch of the dungeon, and saw 6 of its levels.
You also visited: Sewer.

You collected 79 gold pieces.


Innate Abilities, Weirdness & Mutations

You reflexively headbutt those who attack you in melee.
You have a pair of horns on your head.


   Skills:
 - Level 3.6 Fighting
 - Level 9.2(9.5) Axes
 + Level 3.3(6.7) Maces & Flails
 + Level 3.9 Throwing
 * Level 5.0 Armour
 - Level 5.1 Dodging


You had 7 spell levels left.
You didn't know any spells.

Inventory:

Hand Weapons
 a - a +0 hand axe
 b - a +1 blowgun
 s - a +4 dire flail of crushing (weapon)
Missiles
 d - 66 stones (quivered)
 m - 20 poisoned needles
Armour
 f - a +1 animal skin
 h - a +0 chain mail
 t - a +0 buckler
 x - a +0 plate armour (worn)
Jewellery
 l - a cursed amulet of inaccuracy (around neck)
 v - an uncursed ring of ice
Wands
 e - a wand of polymorph (18/24)
Scrolls
 g - a scroll of enchant armour
 u - a scroll of enchant weapon
Potions
 i - a potion of agility
 j - a potion of cure mutation
 k - a potion of might
 n - 2 potions of flight
 o - a potion of invisibility {unknown}
 p - 2 potions of brilliance
 q - 5 potions of heal wounds {@q2}
 r - 4 potions of curing {@q1}
Comestibles
 c - 2 bread rations

Dungeon Overview and Level Annotations

Branches:
Dungeon (6/15)
 Temple: D:4-7

Altars:
Hepliaklqana
Kikubaaqudgha
Xom

▒....▒ ▒.▒▒.▒
..▒▒..≈≈≈≈..▒ ▒▒.▒▒.▒
▒▒▒.▒..≈≈≈≈≈... ...▒▒.▒
........≈≈≈≈... ▒▒▒▒▒.▒
▒......≈P≈≈≈≈.▒
▒▒▒▒▒.▒▒▒▒.......≈≈≈≈P.▒
.................≈≈≈o..▒
...........▒▒▒▒.P;≈≈PP.▒
................H;≈P.P..
............▒▒▒.≈≈≈≈≈..▒
.)[.............≈≈≈P≈...
.)))........▒▒▒..≈≈≈≈.▒▒
.....)......▒ ▒..≈≈≈..▒
............▒ ..P≈≈≈...▒
▒▒▒▒▒▒▒▒▒......≈≈≈≈≈≈..▒
▒...▒..PP≈≈≈≈≈.▒
▒...▒..≈P≈≈≈≈P.


You could see 2 electric eels and an orc.


Message History

The leopard gecko bites you but does no damage.
You closely miss the electric eel. Your headbutt misses the electric eel.
The orc splashes around in the water.
The leopard gecko bites you but does no damage.
You miss the electric eel.
The leopard gecko bites you but does no damage.
The orc hits the plant but does no damage.
You barely miss the electric eel. Your headbutt misses the electric eel.
The leopard gecko barely misses you.
The orc splashes around in the water.
The electric eel shoots out a bolt of lightning at you!
The bolt of electricity hits you!
* * * LOW HITPOINT WARNING * * *
You hit the electric eel but do no damage.
Your headbutt misses the electric eel.
The leopard gecko bites you but does no damage.
The electric eel shoots out a bolt of lightning at you!
The bolt of electricity hits you!
* * * LOW HITPOINT WARNING * * *
The orc hits the plant but does no damage.
The electric eel shoots out a bolt of lightning at you!
The bolt of electricity hits you!
* * * LOW HITPOINT WARNING * * *
You miss the electric eel. Your headbutt misses the electric eel.
The leopard gecko closely misses you. You furiously retaliate!
You headbutt the leopard gecko!
You kill the leopard gecko!
Trog accepts your kill.
The electric eel shoots out a bolt of lightning at you!
The bolt of electricity hits you!
You die...

Action                   |  1- 3 |  4- 6 |  7- 9 || total
-------------------------+-------+-------+-------++-------
Melee: Hand axe          |    37 |   105 |    20 ||   162
       Headbutt          |     3 |    11 |    13 ||    27
       Dire flail        |       |       |    78 ||    78
Throw: Stone             |     1 |     6 |     5 ||    12
Invok: Berserk           |       |     1 |     4 ||     5
       Burn Spellbooks   |       |       |     1 ||     1
Evoke: Wand              |       |       |     2 ||     2
  Use: Scroll            |       |     8 |     8 ||    16
  Eat: Chunk             |       |     6 |     6 ||    12
       Beef jerky        |       |       |     1 ||     1
Armor: Animal skin       |     5 |     8 |     1 ||    14
       Chain mail        |       |       |    35 ||    35
       Plate armour      |       |       |    10 ||    10
Dodge: Dodged            |    29 |    72 |    44 ||   145

Vault maps used:
D:1:      dpeg_arrival_stone_temple_mockup, minmay_misc_feat_roman,
          minmay_unequal
D:2:      first_bread, ecumenical_altar_1, uniq_iyjb, uniq_terence
D:4:      nicolae_overflow_quartered_altars, lightli_sewer_entry_pipes
D:5:      uniq_edmund
D:6:      nicolae_qazlal_style_of_elements, chequers_big_river
Sewer:    sewer_minmay_treatment

Notes
Turn   | Place    | Note
-------+----------+-------------------------------------------
     0 | D:1      | cedor the Minotaur Berserker began the quest for the Orb.
     0 | D:1      | Reached XP level 1. HP: 19/19 MP: 0/0
   312 | D:2      | Reached skill level 4 in Axes
   369 | D:2      | Reached XP level 2. HP: 24/26 MP: 1/1
   406 | D:2      | Noticed Ijyb
   408 | D:2      | Found a faded altar of an unknown god.
   410 | D:2      | Killed Ijyb
   410 | D:2      | Reached XP level 3. HP: 30/31 MP: 2/2
   467 | D:3      | Reached skill level 5 in Axes
   638 | D:4      | Reached skill level 3 in Dodging
   860 | D:4      | Reached XP level 4. HP: 36/39 MP: 3/3
   877 | D:4      | Found a hazy altar of Hepliaklqana.
   976 | D:4      | Found a glowing drain.
   980 | Sewer    | Entered a sewer
  1000 | Sewer    | Reached ** piety under Trog
  1100 | Sewer    | Noticed a big kobold
  1113 | Sewer    | Killed a big kobold
  1113 | Sewer    | Reached skill level 6 in Axes
  1113 | Sewer    | Reached XP level 5. HP: 9/45 MP: 4/4
  1387 | Sewer    | Reached skill level 4 in Dodging
  1627 | Sewer    | Reached skill level 7 in Axes
  1707 | Sewer    | Reached XP level 6. HP: 30/51 MP: 5/5
  1833 | Sewer    | Reached *** piety under Trog
  2020 | D:4      | Noticed braks's ghost (amateur TeAE)
  2090 | D:4      | Found an ancient bone altar of Kikubaaqudgha.
  2102 | D:4      | Found a shimmering altar of Xom.
  2120 | D:4      | Reached skill level 8 in Axes
  2411 | D:4      | Reached skill level 1 in Throwing
  2411 | D:4      | Reached XP level 7. HP: 57/57 MP: 6/6
  2685 | D:4      | Killed braks's ghost
  2685 | D:4      | Reached skill level 5 in Dodging
  2767 | D:5      | Entered Level 5 of the Dungeon
  2772 | D:5      | Reached skill level 2 in Throwing
  2795 | D:5      | Noticed Edmund
  2797 | D:5      | Noticed Edmund
  2797 | D:5      | Edmund changed into Edmund the fire bat
  2804 | D:5      | Killed Edmund the fire bat
  2804 | D:5      | Reached skill level 9 in Axes
  2804 | D:5      | Reached skill level 3 in Armour
  3117 | D:5      | Reached skill level 1 in Maces & Flails
  3117 | D:5      | Reached XP level 8. HP: 43/64 MP: 7/7
  3142 | D:5      | Reached skill level 3 in Throwing
  3153 | D:5      | Reached skill level 4 in Armour
  3232 | D:6      | Reached skill level 2 in Maces & Flails
  3317 | D:6      | Reached skill level 3 in Maces & Flails
  3467 | D:6      | Reached skill level 5 in Armour
  3639 | D:6      | HP: 2/64 [electric eel/bolt of electricity (10)]
  3640 | D:6      | Killed from afar by an electric eel

Vanquished Creatures
  A fire bat (D:5)
  The ghost of braks the Gusty, an amateur TeAE (D:4)
  An orc warrior (D:6)
  A sky beast (D:5)
  An ogre (D:4)
  2 centaurs
  3 big kobolds (Sewer)
  3 crimson imps (D:5)
  A hound (D:4)
  An orc priest (D:6)
  3 orc wizards (D:6)
  Ijyb (D:2)
  An iguana (D:4)
  2 worker ants (D:4)
  A hound skeleton (D:6)
  6 adders
  5 river rats (Sewer)
  A shadow imp (D:5)
  A dart slug (D:2)
  3 leopard geckos
  4 orcs
  4 ball pythons (Sewer)
  2 giant cockroaches (D:6)
  A hobgoblin (D:3)
  17 kobolds
  A quokka (D:5)
  2 bats
  2 frilled lizards
  A goblin (D:3)
  20 rats
93 creatures vanquished.
